 Dungeon Crawl Stone Soup version 0.31-a0-441-g867994ef1c (webtiles) character file.

Game seed: 15850672584600237383

5 Hubris850 the Chiller (level 1, 0/13 HPs)
             Began as a Merfolk Ice Elementalist on Aug 2, 2023.
             Slain by a jackal (1 damage)
             ... on level 1 of the Dungeon.
             The game lasted 00:01:00 (254 turns).

Hubris850 the Chiller (Merfolk Ice Elementalist)     Turns: 254, Time: 00:01:00

Health: 0/13       AC:  2    Str:  8    XL:     1   Next: 80%
Magic:  2/3        EV: 13    Int: 14    God:
Gold:   0          SH:  0    Dex: 14    Spells: 3/4 levels left

rFire   . . .        e - +0 rapier
rCold   . . .        (no shield)
rNeg    . . .        a - +0 robe
rPois   .            (no helmet)
rElec   .            (no cloak)
rCorr   .            (no gloves)
SInv    .            (no boots)
Will    .....        (no amulet)
Stlth   ++           (no ring)
HPRegen 0.22/turn    (no ring)
MPRegen 0.08/turn

%: no passive effects
@: very slightly contaminated
A: (nimble swimmer 2), mertail
a: no special abilities


You were on level 1 of the Dungeon.
You visited 1 branch of the dungeon, and saw 1 of its levels.

Inventory:

Hand Weapons
 e - a +0 rapier (weapon)
Missiles
 c - 6 boomerangs
Armour
 a - a +0 robe (worn)
Potions
 d - a potion of lignification {unknown}


   Skills:
 + Level 2.9 Dodging
 + Level 2.3 Stealth
 + Level 2.1 Spellcasting
 + Level 4.4 Ice Magic


You had 3 spell levels left.
You knew the following spells:

 Your Spells              Type           Power      Damage    Failure   Level
a - Freeze                Ice            56%        1d7       3%          1

Your spell library contained the following spells:

 Spells                   Type           Power      Damage    Failure   Level
 Frozen Ramparts          Ice            28%        1d5       11%         3
 Ozocubu's Armour         Ice            14%        N/A       11%         3
 Summon Ice Beast         Ice/Summ       7%         N/A       67%         4


Dungeon Overview and Level Annotations

Branches:
Dungeon (1/15)

Altars:


Innate Abilities, Weirdness & Mutations

((You are very nimble when in or above water. (Stealth+, EV+, Speed+++)))
Your lower body shifts to a powerful aquatic tail in water.


Message History

* * * LOW HITPOINT WARNING * * *
The jackal misses you.
Casting: Freeze (safe; 3% risk of failure)
Confirm with . or Enter, or press ? or * to list all spells.
Aiming: Freeze (safe; 3% risk of failure)
Press: ? - help, Shift-Dir - straight line, f - jackal
Aim: a jackal (almost dead)
You freeze the jackal.
You kill the jackal!
The giant cockroach closely misses you.
Casting: Freeze (safe; 3% risk of failure)
Confirm with . or Enter, or press ? or * to list all spells.
Aiming: Freeze (safe; 3% risk of failure)
Press: ? - help, Shift-Dir - straight line, f - giant cockroach
Aim: a giant cockroach You freeze the giant cockroach.
The giant cockroach is moderately wounded.
The giant cockroach misses you.
Casting: Freeze (safe; 3% risk of failure)
Confirm with . or Enter, or press ? or * to list all spells.
Aiming: Freeze (safe; 3% risk of failure)
Press: ? - help, Shift-Dir - straight line, f/p - giant cockroach
Aim: a giant cockroach (moderately wounded)
You freeze the giant cockroach.
You kill the giant cockroach!
Casting: Freeze (safe; 3% risk of failure)
Confirm with . or Enter, or press ? or * to list all spells.
Okay, then.
Magic courses through your body. The jackal misses you.
Casting: Freeze (safe; 3% risk of failure)
Confirm with . or Enter, or press ? or * to list all spells.
Aiming: Freeze (safe; 3% risk of failure)
Press: ? - help, Shift-Dir - straight line, f - jackal
Aim: a jackal You miscast Freeze.
You are very lightly contaminated with residual magic.
Nothing appears to happen.
The jackal bites you.
* * * LOW HITPOINT WARNING * * *
The jackal bites you.
You die...

#...# #J. ♣ .## #...# #..♣
♣.♣..## #...# #...♣.♣.....
#...## #........... #....#
#........... #....#
#.......... #....###
#..........
#......#####........
#...##...@hJ........
##.########.####.##. #.# #...
.. #†# ############## #.#
####......#....### #.#
####.........#.......
#####.###.......###.#####....
#.....##.....####.......####.
#...###....###.............##


You could see an endoplasm and a jackal.

Vanquished Creatures
  A giant cockroach (D:1)
  A hobgoblin (D:1)
  A jackal (D:1)
  A bat (D:1)
  A frilled lizard (D:1)
5 creatures vanquished.

Notes
Turn   | Place    | Note
-------+----------+-------------------------------------------
     0 | D:1      | Hubris850 the Merfolk Ice Elementalist began the quest for
                  | the Orb.
     0 | D:1      | Reached XP level 1. HP: 13/13 MP: 3/3
   254 | D:1      | Slain by a jackal

Illustrated notes

Levels and vault maps discovered:
D:1:      dpeg_arrival_circle_labyrinth_c, layout_rooms,
          chequers_ecumenical_altar_simple_redux, minmay_misc_feat_rows,
          serial_bayou_crossing

Action                     || total
---------------------------++-------
  Melee: Rapier            ||    23
   Cast: Freeze            ||     3
    Use: Potion            ||     1
 Armour: Robe              ||     3
  Dodge: Dodged            ||    29

Table legend: (Time is in decaauts)
 A = Elapsed time spent in this place.
 B = Non-inter-level travel time spent in this place.
 C = Inter-level travel time spent in this place.
 D = Time resting spent in this place.
 E = Time spent auto-exploring this place.
 F = Levels seen in this place.
 G = Mean time per level.
                   A        B        C        D        E       F      G
               +--------+--------+--------+--------+--------+-----+--------+
         Total |    258 |    258 |      0 |      0 |    196 |   1 |  258.0 |
       Dungeon |    258 |    258 |      0 |      0 |    196 |   1 |  258.0 |
               +--------+--------+--------+--------+--------+-----+--------+

Top non-repeatable levels by time:
     D:1: 258 daAuts
